 Dungeon Crawl Stone Soup version 0.29.0-4-gdea44cf6ec (webtiles) character file.

Game seed: 6985356003561123043

37 qw the Chopper (level 3, -5/21 HPs)
             Began as a Tengu Warper on Aug 28, 2022.
             Slain by Terence
             ... wielding a +0 flail
              (12 damage)
             ... on level 2 of the Dungeon.
             The game lasted 00:00:06 (800 turns).

qw the Chopper (Tengu Warper)                        Turns: 800, Time: 00:00:06

Health: -5/21      AC:  5    Str: 13    XL:     3   Next: 41%
Magic:  7/7        EV: 11    Int: 13    God:
Gold:   33         SH:  0    Dex: 13    Spells: 6/6 levels left

rFire   . . .      SeeInvis .   Y - +0 hand axe (elec)
rCold   . . .      Faith    .   (no shield)
rNeg    . . .      Spirit   .   j - +0 ring mail
rPois   .          Reflect  .   (helmet restricted)
rElec   .          Harm     .   (no cloak)
rCorr   .          Rampage  .   (no gloves)
Will    .....                   (boots unavailable)
Stlth   +.........              (no amulet)
HPRegen 0.07/turn               (no ring)
MPRegen 0.10/turn               (no ring)

@: no status effects
A: beak, talons 3
a: no special abilities


You were on level 2 of the Dungeon.
You visited 1 branch of the dungeon, and saw 2 of its levels.

You collected 33 gold pieces.


Innate Abilities, Weirdness & Mutations

You have a beak for a mouth.
You have claws for feet.


   Skills:
 - Level 2.0 Fighting
 + Level 4.1 Axes
 - Level 1.0 Throwing
 - Level 1.1 Armour
 - Level 2.1 Dodging
 - Level 2.0 Spellcasting
 - Level 2.4 Translocations


You had 6 spell levels left.
You didn't know any spells.
Your spell library contained the following spells:

 Spells                   Type           Power      Damage    Failure   Level
 Blink                    Tloc           14%        N/A       30%         2
 Gell's Gravitas          Tloc           7%         N/A       52%         3
 Lesser Beckoning         Tloc           7%         N/A       52%         3
 Teleport Other           Tloc           7%         N/A       52%         3
 Manifold Assault         Tloc           7%         N/A       99%         5

Inventory:

Hand Weapons
 d - a +0 club
 Y - a +0 hand axe of electrocution (weapon)
Armour
 j - a +0 ring mail (worn)
Scrolls
 a - a scroll of identify
 b - 3 scrolls of poison {unknown}
Potions
 e - a potion of haste
 h - a potion of mutation {unknown}
 l - a potion of heal wounds {unknown}

Dungeon Overview and Level Annotations

Branches:
Dungeon (2/15)

Altars:

Annotations:
D:2 Terence


Message History

The adder is almost dead.
The adder closely misses you.
You hit the adder. Lightning courses through the adder!!
You kill the adder!
Your Axes skill increases to level 4!
778 ||| FLEEEEING.
779 ||| FLEEEEING.
780 ||| FLEEEEING.
781 ||| FLEEEEING.
782 ||| FLEEEEING.
783 ||| FLEEEEING.
784 ||| FLEEEEING.
785 ||| FLEEEEING.
786 ||| FLEEEEING.
787 ||| FLEEEEING.
788 ||| FLEEEEING.
789 ||| FLEEEEING.
790 ||| FLEEEEING.
791 ||| FLEEEEING.
792 ||| FLEEEEING.
Terence says, "How do you enjoy it?"
793 ||| FLEEEEING.
794 ||| FLEEEEING.
You hit Terence but do no damage. You claw Terence.
Terence is lightly wounded.
Terence hits you with a +0 flail. x2
You hit Terence. You claw Terence, but do no damage.
Terence is lightly wounded.
Terence misses you.
You hit Terence but do no damage.
Terence is lightly wounded.
Terence hits you with a +0 flail.
You closely miss Terence.
Terence is lightly wounded.
Terence hits you with a +0 flail.
You closely miss Terence. Your kick misses Terence. Your peck misses Terence.
Terence is lightly wounded.
Terence hits you with a +0 flail!
Ouch! That really hurt!
You die...

....#
#...........
#<.# ....#
#...........
###.# ....#
####..#######
###...# ....#
#...........#
###...###
....#
#...........#
#...###
#...........#
#.###
#...........#
##.#
#........@..#
##..#
######....@%#
#..##
######.#
##.##
#.###..#
#..#..##
##.#.###
#>....#
#####.# ...
###


You could see Terence.

Vanquished Creatures
  An adder (D:2)
  7 bats
  2 endoplasms
  2 giant cockroaches (D:1)
  3 goblins (D:1)
  3 hobgoblins (D:1)
  4 ball pythons
  A kobold (D:2)
  A rat (D:1)
24 creatures vanquished.

Notes
Turn   | Place    | Note
-------+----------+-------------------------------------------
     0 | D:1      | qw the Tengu Warper began the quest for the Orb.
     0 | D:1      | Reached XP level 1. HP: 12/12 MP: 4/4
     0 | D:1      | 0 ||| qw: Version: 0.1-a-89-g26bdef1
     0 | D:1      | 0 ||| qw: Game counter: 526
     0 | D:1      | 0 ||| qw: Always use a shield: true
     0 | D:1      | 0 ||| qw: God list: Okawaru
     0 | D:1      | 0 ||| qw: Allow faded altars: false
     0 | D:1      | 0 ||| qw: Do Orc after D:15 true
     0 | D:1      | 0 ||| qw: Do second Lair branch before Depths: true
     0 | D:1      | 0 ||| qw: Lair rune preference: random
     0 | D:1      | 0 ||| qw: Plans: Normal
     0 | D:1      | 0 ||| PLANNING D:1-11
    71 | D:1      | 71 ||| Stepping ~*~*~tactically~*~*~ (stealth).
    72 | D:1      | 72 ||| Stepping ~*~*~tactically~*~*~ (stealth).
    74 | D:1      | 74 ||| Stepping ~*~*~tactically~*~*~ (stealth).
    77 | D:1      | 77 ||| Stepping ~*~*~tactically~*~*~ (stealth).
    80 | D:1      | 80 ||| Stepping ~*~*~tactically~*~*~ (stealth).
   194 | D:1      | Reached skill level 3 in Axes
   194 | D:1      | Reached XP level 2. HP: 17/17 MP: 6/6
   357 | D:1      | Found a faded altar of an unknown god.
   595 | D:1      | 595 ||| UPGRADING to +0 ring mail.
   605 | D:1      | 605 ||| DROPPING +0 leather armour.
   606 | D:1      | 606 ||| DROPPING ring of magical power.
   607 | D:1      | 607 ||| READING 3 scrolls labelled WIGAKHL GYHOZYNT.
   608 | D:1      | 608 ||| READING scroll labelled XAMMYFAYKHE.
   609 | D:1      | 609 ||| READING scroll labelled PIFROEFOCO.
   610 | D:1      | 610 ||| READING 2 scrolls of identify.
   610 | D:1      | 610 ||| IDENTIFYING fizzy yellow potion
   611 | D:1      | 611 ||| DROPPING scroll of blinking.
   711 | D:2      | Reached XP level 3. HP: 20/21 MP: 7/7
   772 | D:2      | Noticed Terence
   778 | D:2      | Reached skill level 4 in Axes
   778 | D:2      | 778 ||| FLEEEEING.
   779 | D:2      | 779 ||| FLEEEEING.
   780 | D:2      | 780 ||| FLEEEEING.
   781 | D:2      | 781 ||| FLEEEEING.
   782 | D:2      | 782 ||| FLEEEEING.
   783 | D:2      | 783 ||| FLEEEEING.
   784 | D:2      | 784 ||| FLEEEEING.
   785 | D:2      | 785 ||| FLEEEEING.
   786 | D:2      | 786 ||| FLEEEEING.
   787 | D:2      | 787 ||| FLEEEEING.
   788 | D:2      | 788 ||| FLEEEEING.
   789 | D:2      | 789 ||| FLEEEEING.
   790 | D:2      | 790 ||| FLEEEEING.
   791 | D:2      | 791 ||| FLEEEEING.
   792 | D:2      | 792 ||| FLEEEEING.
   793 | D:2      | 793 ||| FLEEEEING.
   794 | D:2      | 794 ||| FLEEEEING.
   800 | D:2      | Slain by Terence

Levels and vault maps discovered:
D:1:      minmay_arrival_shattered_statue, layout_basic,
          dreamdust_ecumenical_altar_statues, minmay_misc_feat_columns
D:2:      layout_basic, uniq_terence

Skill      XL: |  1  2  3 |
---------------+----------+-----
Axes           | 3 4 |  4.1
Fighting       | |  2.0
Throwing       | |  1.0
Armour         | |  1.1
Dodging        | |  2.1
Spellcasting   | |  2.0
Translocations | |  2.4

Action                   || total
-------------------------++-------
Melee: Hand axe          ||    53
       Kick              ||    12
       Peck              ||     6
Throw: Boomerang         ||     7
  Use: Scroll            ||     4
Armor: Ring mail         ||    15
       Leather armour    ||     1
Dodge: Dodged            ||    47

Table legend:
 A = Non-vault XP
 B = Vault XP
 C = Vault XP percentage of total XP
 D = Non-vault monster count
 E = Vault monster count
 F = Vault count percentage of total count
                 A         B        C        D         E       F
            +---------+---------+-------+---------+---------+-------
      Total |      54 |       0 |   0.0 |      24 |       0 |   0.0
            +---------+---------+-------+---------+---------+-------
        D:1 |      25 |       0 |   0.0 |      15 |       0 |   0.0
        D:2 |      29 |       0 |   0.0 |       9 |       0 |   0.0
            +---------+---------+-------+---------+---------+-------
